[ PARTIDA AOE2 · #495860861 ]
UnrankedLituanos vs Sicilians
Equipo del jugador · VICT
Equipo rival · DERR
[ ANÁLISIS DE REPETICIÓN · EXTRAÍDO DE LA PARTIDA GRABADA ]
Feudal
8:50
Castillos
27:46
Imperial
—
| APM promedio | 93.8 |
| APM pico | 153 |
| eAPM promedio | 45.7 |
| Aldeanos / militares | 212 / 182 |
Foco
⚔️ 53.6% · 🌾 46.4%
Knight ×115 · Scout Cavalry ×41 · Archer ×15 · Spearman ×8 · Monk ×3
Feudal
13:06
Castillos
27:09
Imperial
—
| APM promedio | 60.1 |
| APM pico | 142 |
| eAPM promedio | 27.7 |
| Aldeanos / militares | 122 / 162 |
Foco
⚔️ 31.7% · 🌾 68.3%
Knight ×131 · Scout Cavalry ×29 · Militia ×2
Mapa de la partida
Recursos iniciales + cada clic de construcción. Líneas = muros · curvas = relieve. ◆ oro · ⬟ piedra · ● bayas · ✦ reliquia · ◌ hueco del cierre
Tu base· Abierta — hueco de 2t
Base de eduv· Abierta — flanco sin cerrar
Terreno inicial suavizado · ◌ = hueco del cierre detectado · pasá el cursor para detalles
Inputs por minuto
— CL | Inkisidor_ - - eduv
Build order — CL | Inkisidor_
Primeras 150 de 631 acciones detectadas
| 0:00 | Crear | Villager (Male) |
| 0:00 | Crear | Villager (Male) |
| 0:01 | Crear | Villager (Male) |
| 0:03 | Construir | House |
| 0:04 | Construir | House |
| 0:06 | Crear | Villager (Male) |
| 0:07 | Crear | Villager (Male) |
| 0:14 | Crear | Villager (Male) |
| 0:14 | Crear | Villager (Male) |
| 1:24 | Crear | Villager (Male) |
| 1:51 | Construir | Lumber Camp |
| 1:59 | Crear | Villager (Male) |
| 2:15 | Crear | Villager (Male) |
| 2:45 | Crear | Villager (Male) |
| 3:05 | Crear | Villager (Male) |
| 4:03 | Crear | Villager (Male) |
| 4:07 | Crear | Villager (Male) |
| 4:10 | Construir | Mill |
| 4:38 | Construir | House |
| 4:41 | Investigar | Loom |
| 4:43 | Crear | Villager (Male) |
| 5:25 | Crear | Villager (Male) |
| 5:26 | Investigar | Loom |
| 5:29 | Crear | Villager (Male) |
| 6:22 | Investigar | Feudal Age |
| 6:22 | Investigar | Feudal Age |
| 7:29 | Construir | Barracks |
| 7:36 | Crear | Villager (Male) |
| 7:59 | Construir | House |
| 8:39 | Construir | Mill |
| 8:50 | Edad | Edad Feudal |
| 9:14 | Construir | Stable |
| 9:16 | Crear | Villager (Male) |
| 9:18 | Crear | Villager (Male) |
| 9:21 | Crear | Villager (Male) |
| 9:44 | Construir | Palisade Wall |
| 9:45 | Construir | Palisade Wall |
| 9:46 | Construir | Palisade Wall |
| 9:47 | Construir | Palisade Wall |
| 9:49 | Crear | Villager (Male) |
| 9:54 | Construir | Palisade Wall |
| 9:56 | Construir | Palisade Wall |
| 9:58 | Construir | Palisade Wall |
| 10:01 | Construir | Palisade Wall |
| 10:03 | Crear | Scout Cavalry |
| 10:03 | Crear | Scout Cavalry |
| 10:04 | Crear | Scout Cavalry |
| 10:07 | Construir | House |
| 10:17 | Crear | Villager (Male) |
| 10:33 | Construir | Farm |
| 10:49 | Construir | Farm |
| 10:50 | Crear | Villager (Male) |
| 11:00 | Crear | Scout Cavalry |
| 11:00 | Crear | Scout Cavalry |
| 11:03 | Construir | Farm |
| 11:04 | Crear | Villager (Male) |
| 11:04 | Crear | Villager (Male) |
| 11:27 | Crear | Villager (Male) |
| 11:48 | Crear | Villager (Male) |
| 12:06 | Crear | Villager (Male) |
| 12:08 | Construir | Farm |
| 12:09 | Construir | Farm |
| 12:22 | Construir | Farm |
| 12:29 | Construir | Archery Range |
| 12:37 | Crear | Villager (Male) |
| 12:56 | Construir | Mining Camp |
| 12:57 | Crear | Villager (Male) |
| 13:06 | Crear | Villager (Male) |
| 13:14 | Crear | Villager (Male) |
| 13:29 | Investigar | Double-Bit Axe |
| 13:29 | Investigar | Double-Bit Axe |
| 13:30 | Crear | Villager (Male) |
| 13:37 | Crear | Archer |
| 13:38 | Crear | Villager (Male) |
| 13:44 | Crear | Villager (Male) |
| 13:47 | Crear | Scout Cavalry |
| 13:47 | Crear | Scout Cavalry |
| 13:52 | Construir | Farm |
| 13:54 | Construir | House |
| 14:04 | Crear | Archer |
| 14:06 | Crear | Scout Cavalry |
| 14:09 | Construir | House |
| 14:15 | Construir | House |
| 14:21 | Crear | Villager (Male) |
| 14:39 | Crear | Archer |
| 14:40 | Crear | Villager (Male) |
| 14:44 | Construir | Farm |
| 14:51 | Crear | Villager (Male) |
| 14:53 | Crear | Scout Cavalry |
| 14:56 | Crear | Spearman |
| 15:04 | Crear | Villager (Male) |
| 15:05 | Crear | Villager (Male) |
| 15:07 | Construir | Farm |
| 15:10 | Crear | Archer |
| 15:14 | Crear | Villager (Male) |
| 15:20 | Crear | Villager (Male) |
| 15:40 | Crear | Villager (Male) |
| 15:45 | Crear | Villager (Male) |
| 15:47 | Crear | Villager (Male) |
| 15:48 | Construir | Farm |
| 15:50 | Construir | Farm |
| 16:03 | Crear | Villager (Male) |
| 16:06 | Crear | Spearman |
| 16:06 | Crear | Spearman |
| 16:13 | Crear | Villager (Male) |
| 16:29 | Crear | Villager (Male) |
| 16:31 | Crear | Villager (Male) |
| 16:34 | Crear | Archer |
| 16:38 | Crear | Archer |
| 16:41 | Construir | Farm |
| 16:45 | Crear | Villager (Male) |
| 16:47 | Crear | Villager (Male) |
| 16:53 | Construir | Farm |
| 16:55 | Construir | House |
| 16:59 | Construir | Lumber Camp |
| 17:00 | Crear | Villager (Male) |
| 17:08 | Crear | Spearman |
| 17:09 | Crear | Villager (Male) |
| 17:14 | Crear | Villager (Male) |
| 17:15 | Construir | Farm |
| 17:21 | Crear | Scout Cavalry |
| 17:22 | Crear | Villager (Male) |
| 17:33 | Crear | Villager (Male) |
| 17:34 | Crear | Villager (Male) |
| 17:40 | Crear | Archer |
| 17:49 | Crear | Archer |
| 17:50 | Crear | Spearman |
| 17:52 | Crear | Villager (Male) |
| 17:58 | Construir | Farm |
| 17:59 | Construir | Farm |
| 18:02 | Crear | Villager (Male) |
| 18:06 | Crear | Archer |
| 18:17 | Crear | Villager (Male) |
| 18:21 | Crear | Archer |
| 18:38 | Crear | Villager (Male) |
| 18:39 | Construir | Farm |
| 18:40 | Construir | Farm |
| 18:49 | Construir | Farm |
| 18:49 | Crear | Archer |
| 18:55 | Crear | Scout Cavalry |
| 18:58 | Crear | Villager (Male) |
| 19:09 | Crear | Villager (Male) |
| 19:14 | Crear | Villager (Male) |
| 19:16 | Construir | Blacksmith |
| 19:17 | Crear | Villager (Male) |
| 19:19 | Construir | Farm |
| 19:22 | Construir | Farm |
| 19:23 | Crear | Archer |
| 19:24 | Crear | Scout Cavalry |
| 19:29 | Construir | House |
Build order — eduv
Primeras 150 de 455 acciones detectadas
| 0:04 | Crear | Villager (Male) |
| 0:04 | Crear | Villager (Male) |
| 0:05 | Construir | House |
| 0:06 | Construir | House |
| 0:19 | Crear | Villager (Male) |
| 0:19 | Crear | Villager (Male) |
| 1:30 | Crear | Villager (Male) |
| 1:30 | Crear | Villager (Male) |
| 1:57 | Construir | Lumber Camp |
| 2:11 | Crear | Villager (Male) |
| 2:11 | Crear | Villager (Male) |
| 2:16 | Crear | Villager (Male) |
| 2:51 | Crear | Villager (Male) |
| 2:51 | Crear | Villager (Male) |
| 3:07 | Crear | Villager (Male) |
| 3:45 | Investigar | Loom |
| 4:30 | Crear | Villager (Male) |
| 4:30 | Crear | Villager (Male) |
| 4:51 | Construir | House |
| 5:12 | Crear | Villager (Male) |
| 5:12 | Crear | Villager (Male) |
| 5:35 | Crear | Villager (Male) |
| 5:50 | Crear | Villager (Male) |
| 5:51 | Crear | Villager (Male) |
| 5:51 | Crear | Villager (Male) |
| 6:03 | Crear | Villager (Male) |
| 6:04 | Crear | Villager (Male) |
| 6:12 | Construir | House |
| 6:13 | Construir | House |
| 6:41 | Construir | Barracks |
| 7:04 | Crear | Villager (Male) |
| 7:04 | Crear | Villager (Male) |
| 7:04 | Crear | Villager (Male) |
| 7:24 | Construir | Mill |
| 8:00 | Crear | Villager (Male) |
| 8:00 | Crear | Villager (Male) |
| 8:01 | Crear | Villager (Male) |
| 8:01 | Crear | Villager (Male) |
| 8:01 | Crear | Villager (Male) |
| 8:04 | Crear | Militia |
| 8:05 | Crear | Militia |
| 8:06 | Construir | House |
| 8:32 | Construir | Farm |
| 8:34 | Construir | Farm |
| 8:49 | Crear | Villager (Male) |
| 9:12 | Crear | Villager (Male) |
| 9:15 | Construir | Mining Camp |
| 9:58 | Crear | Villager (Male) |
| 10:25 | Crear | Villager (Male) |
| 10:39 | Construir | Farm |
| 10:41 | Construir | Farm |
| 10:56 | Investigar | Feudal Age |
| 10:56 | Investigar | Feudal Age |
| 11:24 | Construir | Palisade Wall |
| 11:31 | Construir | Palisade Wall |
| 11:33 | Construir | Palisade Wall |
| 12:02 | Construir | Mill |
| 12:23 | Construir | Farm |
| 12:25 | Construir | Farm |
| 12:35 | Crear | Villager (Male) |
| 12:38 | Construir | Palisade Wall |
| 12:41 | Construir | Palisade Wall |
| 12:45 | Construir | Palisade Wall |
| 12:53 | Construir | Palisade Wall |
| 12:56 | Construir | Palisade Wall |
| 13:06 | Edad | Edad Feudal |
| 13:08 | Construir | Palisade Wall |
| 13:12 | Construir | Palisade Wall |
| 13:13 | Construir | Palisade Wall |
| 13:22 | Construir | Stable |
| 13:25 | Construir | Blacksmith |
| 13:30 | Investigar | Horse Collar |
| 13:31 | Crear | Villager (Male) |
| 13:47 | Crear | Villager (Male) |
| 13:57 | Crear | Villager (Male) |
| 14:13 | Investigar | Forging |
| 14:13 | Investigar | Forging |
| 14:14 | Crear | Scout Cavalry |
| 14:14 | Crear | Scout Cavalry |
| 14:15 | Crear | Villager (Male) |
| 14:20 | Construir | Farm |
| 14:20 | Construir | Farm |
| 14:27 | Construir | Farm |
| 14:46 | Investigar | Double-Bit Axe |
| 15:04 | Crear | Villager (Male) |
| 15:04 | Crear | Villager (Male) |
| 15:07 | Construir | Farm |
| 15:20 | Construir | Farm |
| 15:21 | Crear | Scout Cavalry |
| 15:21 | Crear | Scout Cavalry |
| 15:43 | Construir | Farm |
| 15:45 | Crear | Villager (Male) |
| 15:53 | Construir | Farm |
| 16:01 | Crear | Scout Cavalry |
| 16:19 | Crear | Villager (Male) |
| 16:37 | Crear | Scout Cavalry |
| 16:59 | Construir | House |
| 17:03 | Crear | Villager (Male) |
| 17:05 | Crear | Scout Cavalry |
| 17:07 | Construir | Farm |
| 17:09 | Construir | Farm |
| 17:13 | Construir | Farm |
| 17:36 | Crear | Villager (Male) |
| 17:41 | Crear | Scout Cavalry |
| 17:50 | Crear | Scout Cavalry |
| 17:54 | Crear | Villager (Male) |
| 18:26 | Construir | Lumber Camp |
| 18:31 | Crear | Villager (Male) |
| 18:33 | Crear | Scout Cavalry |
| 18:45 | Crear | Villager (Male) |
| 18:48 | Crear | Villager (Male) |
| 19:02 | Crear | Villager (Male) |
| 19:14 | Crear | Scout Cavalry |
| 19:15 | Crear | Scout Cavalry |
| 19:35 | Investigar | Scale Barding Armor |
| 19:35 | Investigar | Scale Barding Armor |
| 19:48 | Crear | Scout Cavalry |
| 19:59 | Construir | Stable |
| 20:05 | Crear | Villager (Male) |
| 20:11 | Crear | Scout Cavalry |
| 20:30 | Construir | House |
| 20:33 | Construir | House |
| 20:35 | Construir | House |
| 20:42 | Crear | Villager (Male) |
| 20:42 | Crear | Villager (Male) |
| 20:45 | Crear | Scout Cavalry |
| 20:46 | Crear | Scout Cavalry |
| 21:00 | Crear | Scout Cavalry |
| 21:14 | Crear | Villager (Male) |
| 21:17 | Construir | Lumber Camp |
| 21:56 | Crear | Scout Cavalry |
| 21:56 | Crear | Scout Cavalry |
| 21:57 | Crear | Villager (Male) |
| 21:57 | Crear | Villager (Male) |
| 22:18 | Crear | Villager (Male) |
| 22:25 | Construir | Market |
| 22:35 | Crear | Scout Cavalry |
| 22:35 | Crear | Scout Cavalry |
| 22:47 | Construir | Mill |
| 22:48 | Construir | Farm |
| 22:48 | Construir | Farm |
| 22:48 | Construir | Farm |
| 22:49 | Construir | Farm |
| 22:49 | Construir | Farm |
| 22:56 | Construir | Farm |
| 23:03 | Crear | Villager (Male) |
| 23:09 | Construir | Farm |
| 24:01 | Crear | Villager (Male) |
| 24:12 | Construir | Mill |
| 24:13 | Construir | Farm |
Cronología de la partida
| 6:41 | eduv · first_building Barracks |
| 7:29 | CL | Inkisidor_ · first_building Barracks |
| 8:50 | CL | Inkisidor_ · age_up feudal |
| 9:14 | CL | Inkisidor_ · first_building Stable |
| 9:44 | CL | Inkisidor_ · wall_segment Palisade Wall x1 |
| 9:45 | CL | Inkisidor_ · wall_segment Palisade Wall x1 |
| 9:46 | CL | Inkisidor_ · wall_segment Palisade Wall x1 |
| 9:47 | CL | Inkisidor_ · wall_segment Palisade Wall x1 |
| 9:54 | CL | Inkisidor_ · wall_segment Palisade Wall x1 |
| 9:56 | CL | Inkisidor_ · wall_segment Palisade Wall x1 |
| 9:58 | CL | Inkisidor_ · wall_segment Palisade Wall x1 |
| 10:01 | CL | Inkisidor_ · wall_segment Palisade Wall x1 |
| 11:24 | eduv · wall_segment Palisade Wall x1 |
| 11:31 | eduv · wall_segment Palisade Wall x1 |
| 11:33 | eduv · wall_segment Palisade Wall x1 |
| 12:29 | CL | Inkisidor_ · first_building Archery Range |
| 12:38 | eduv · wall_segment Palisade Wall x1 |
| 12:41 | eduv · wall_segment Palisade Wall x3 |
| 12:45 | eduv · wall_segment Palisade Wall x3 |
| 12:53 | eduv · wall_segment Palisade Wall x1 |
| 12:56 | eduv · wall_segment Palisade Wall x1 |
| 13:06 | eduv · age_up feudal |
| 13:08 | eduv · wall_segment Palisade Wall x1 |
| 13:12 | eduv · wall_segment Palisade Wall x1 |
| 13:13 | eduv · wall_segment Palisade Wall x1 |
| 13:22 | eduv · first_building Stable |
| 21:22 | CL | Inkisidor_ · wall_segment Palisade Wall x4 |
| 21:30 | CL | Inkisidor_ · wall_segment Palisade Wall x16 |
| 22:28 | CL | Inkisidor_ · wall_segment Palisade Wall x7 |
| 22:37 | CL | Inkisidor_ · wall_segment Palisade Wall x2 |
| 24:03 | CL | Inkisidor_ · wall_segment Palisade Wall x5 |
| 24:04 | eduv · first_market_buy 100 food |
| 24:29 | eduv · first_market_sell 100 stone |
| 24:38 | CL | Inkisidor_ · wall_segment Palisade Wall x8 |
| 24:50 | CL | Inkisidor_ · first_market_sell 500 stone |
| 24:51 | CL | Inkisidor_ · first_market_buy 100 food |
| 25:33 | CL | Inkisidor_ · wall_segment Palisade Wall x4 |
| 25:34 | CL | Inkisidor_ · wall_segment Palisade Wall x3 |
| 25:37 | CL | Inkisidor_ · wall_segment Palisade Wall x2 |
| 27:09 | eduv · age_up castle |
| 27:45 | CL | Inkisidor_ · wall_segment Palisade Wall x1 |
| 27:46 | CL | Inkisidor_ · age_up castle |
| 28:35 | CL | Inkisidor_ · first_building Monastery |
| 44:07 | eduv · resign |
[ ANÁLISIS IA · 1 CRÉDITO ]
¿Qué pasó realmente en esta partida?
Wolo.gg analiza cada decisión: build order, eco, micro, errores típicos por bracket. Análisis personalizado por WhatsApp o Discord en 30 segundos.
Guía civ
Lituanos
Perfil
CL | Inkisidor_